Map: [EWC] Oceanborn

Players

Clem - Winner!

  • Race: Terran Terran
  • Spawn Location: 11:00

Serral

  • Race: Zerg Zerg
  • Spawn Location: 5:00

Event: Esports World Cup 2024

VOD

https://www.youtube.com/watch?v=CFtpc_y9hds

Description

Time

  • Played on: Aug. 18, 2024, 12:37 p.m.
  • Length: 15:42

All games in this series

Show
View Real Time Build Order
Export as new Build Order

Clem Terran - Winner!

Build Orders: Reaper Expand, Hellion Banshee 

Get SALT Encoding   

  12  0:00  SCV  
  13  0:12  SCV  
  14  0:17  Supply Depot  
  14  0:24  SCV  
  15  0:38  SCV  
  15  0:40  Barracks  
  16  0:43  Refinery  
  16  0:50  SCV  
  17  1:02  SCV  
  18  1:15  SCV  
  19  1:27  Reaper, Orbital Command  
  20  1:37  Command Center  
  20  1:49  Supply Depot  
  20  1:52  SCV  
  21  1:59  Marine  
  22  2:05  SCV  
  23  2:13  Factory  
  23  2:17  SCV  
  23  2:21  Barracks Reactor  
  24  2:29  SCV  
  25  2:37  Command Center  
  25  2:41  SCV  
  26  2:50  Orbital Command  
  26  2:53  SCV  
  27  3:01  Starport  
  27  3:05  Refinery  
  27  3:07  SCV  
  27  3:09  Hellion  
  32  3:13  Hellion  
  32  3:15  SCV  
  32  3:19  SCV  
  34  3:20  Barracks Tech Lab  
  34  3:28  SCV  
  34  3:30  Hellion  
  34  3:31  SCV  
  40  3:34  Hellion  
  40  3:40  SCV  
  41  3:43  SCV  
  41  3:44  Banshee  
  45  3:49  Marine, Orbital Command  
  45  3:52  SCV  
  47  3:55  SCV  
  47  3:57  Cloaking Field  
  47  3:59  Hellion  
  47  4:02  Hellion  
  51  4:05  SCV  
  51  4:08  Supply Depot  
  52  4:10  Barracks Tech Lab  
  52  4:11  SCV  
  52  4:16  SCV  
  54  4:17  SCV  
  54  4:23  SCV  
  56  4:26  Barracks x2  
  56  4:27  Orbital Command  
  56  4:30  Marine  
  57  4:32  SCV  
  57  4:33  Banshee, Refinery  
  57  4:34  Factory Reactor  
  57  4:37  Supply Depot  
  61  4:38  SCV  
  61  4:44  SCV  
  63  4:46  Stimpack  
  63  4:49  Engineering Bay x2  
  63  4:51  SCV  
  65  4:52  SCV  
  65  4:54  Marine  
  65  4:57  SCV  
  67  5:00  Supply Depot, Refinery  
  67  5:04  SCV  
  67  5:05  Barracks  
  67  5:06  SCV  
  69  5:10  Barracks  
  69  5:12  SCV  
  70  5:22  Siege Tank, Marine x2  
  70  5:23  Marine x3  
  70  5:24  SCV x2  
  70  5:27  SCV  
  81  5:29  Supply Depot  
  81  5:36  SCV, Terran Infantry Armor Level 1  
  81  5:38  Terran Infantry Weapons Level 1, Starport Reactor  
  81  5:40  SCV  
  81  5:42  Supply Depot, SCV  
  84  5:43  Marine  
  85  5:50  Marine x4, SCV  
  85  5:53  Supply Depot, Barracks Reactor  
  85  5:56  SCV x2  
  92  5:59  Barracks Reactor  
  92  6:03  Siege Tank  
  95  6:05  Marine  
  95  6:07  SCV  
  95  6:09  Supply Depot  
  97  6:11  Marine  
  97  6:12  Marine x3  
  97  6:15  Medivac, SCV x2  
  97  6:17  Medivac  
  107  6:18  Supply Depot  
  107  6:19  SCV  
  107  6:23  Marine  
  107  6:25  Refinery  
  109  6:26  Factory  
  109  6:28  Supply Depot  
  109  6:30  Marine x5, SCV  
  109  6:31  Combat Shield  
  115  6:34  SCV  
  115  6:37  Supply Depot, SCV  
  117  6:43  Siege Tank  
  117  6:44  Marine x4  
  117  6:45  SCV  
  125  6:50  Marine x4  
  125  6:51  Marine  
  130  6:55  Supply Depot, SCV  
  130  6:56  Supply Depot, SCV  
  130  6:58  Armory  
  132  7:02  Marine x2  
  132  7:03  Medivac  
  132  7:04  Medivac  
  132  7:06  Marine  
  139  7:09  Marine x2  
  141  7:16  Marine x2, Factory Reactor  
  141  7:17  SCV  
  141  7:20  Marine x2  
  141  7:21  Command Center  
  142  7:23  Siege Tank  
  142  7:26  Supply Depot  
  142  7:29  Marine x3  
  148  7:30  Marine x2  
  148  7:33  Medivac  
  148  7:34  Marine  
  148  7:35  Refinery  
  148  7:36  Supply Depot  
  153  7:43  Marine  
  146  7:44  SCV  
  146  7:48  Terran Infantry Armor Level 2, Terran Infantry Weapons Level 2  
  146  7:49  Marine  
  146  7:50  Marine x3  
  148  7:52  Marine  
  148  7:53  Marine x2  
  148  7:54  Widow Mine x2  
  148  7:57  Marine, Widow Mine  
  158  7:59  Supply Depot, SCV  
  158  8:02  Marine  
  158  8:05  SCV  
  155  8:07  Marine x2  
  155  8:08  Marine x2  
  158  8:13  Marine  
  158  8:14  Marine  
  158  8:18  Siege Tank  
  163  8:22  Barracks  
  163  8:23  Barracks  
  163  8:24  Drilling Claws, Widow Mine  
  163  8:25  Concussive Shells, Barracks  
  165  8:27  Widow Mine  
  165  8:30  Marine  
  165  8:32  Marine  
  165  8:33  Supply Depot  
  169  8:35  Marine x2  
  169  8:36  Marine  
  169  8:37  Marine  
  170  8:43  Marine, Medivac  
  170  8:44  Marine x2  
  170  8:45  Widow Mine  
  170  8:48  Marine  
  177  8:49  Widow Mine  
  177  8:50  Siege Tank, Marine  
  177  8:51  Terran Vehicle And Ship Armor Level 1  
  177  8:53  Marine x2  
  177  8:54  Supply Depot  
  186  8:56  Medivac  
  186  9:00  Marine  
  189  9:04  Marine  
  189  9:05  Marine x2  
  189  9:07  Widow Mine  
  194  9:10  Planetary Fortress, Widow Mine  
  193  9:17  Marine x2  
  193  9:18  Barracks Tech Lab x3  
  193  9:23  Widow Mine  
  190  9:27  Sensor Tower  
  190  9:28  Widow Mine, Command Center  
  190  9:29  Marine  
  190  9:30  Marauder  
  195  9:31  Marine x2  
  195  9:32  Widow Mine  
  191  9:39  Medivac  
  191  9:40  Marine  
  191  9:41  Marine x2  
  191  9:44  Marauder x2, Marine, Widow Mine  
  183  9:46  Marine, SCV x3  
  183  9:47  Marauder  
  183  9:48  SCV  
  183  9:49  Widow Mine  
  183  9:51  Marauder  
  183  9:52  Marine  
  195  9:55  Marine  
  195  9:58  SCV x2  
  198  10:02  SCV  
  198  10:06  Marauder, Widow Mine  
  195  10:10  Marauder, Marine, Medivac x2  
  195  10:11  Marine x4, Widow Mine  
  195  10:12  Marine x2  
  195  10:13  Marine  
  198  10:16  Ghost Academy  
  198  10:20  Widow Mine  
  200  10:32  Refinery  
  200  10:33  Refinery  
  200  10:34  Command Center  
  198  10:45  Widow Mine  
  198  10:48  Terran Infantry Armor Level 3, Terran Infantry Weapons Level 3  
  200  10:53  Terran Vehicle And Ship Armor Level 2  
  199  10:59  Missile Turret  
  199  11:00  Sensor Tower  
  199  11:08  Ghost  
  190  11:13  Ghost  
  190  11:14  Ghost  
  190  11:16  Widow Mine  
  190  11:17  Marine x2  
  181  11:22  Command Center  
  181  11:24  Widow Mine  
  181  11:25  Marauder, Marine x6  
  188  11:26  Refinery  
  188  11:28  Refinery, Widow Mine  
  193  11:34  Planetary Fortress  
  193  11:35  Marine x2  
  193  11:36  Ghost  
  193  11:39  Widow Mine  
  199  11:42  Marine  
  199  11:43  Marine  
  199  11:46  Widow Mine  
  200  11:50  Widow Mine  
  200  11:51  Marine x2  
  200  11:56  Orbital Command  
  200  11:58  Starport  
  200  12:00  Ghost  
  200  12:01  Widow Mine  
  190  12:05  Ghost  
  190  12:07  Widow Mine  
  194  12:11  Widow Mine  
  193  12:15  Medivac  
  193  12:17  Ghost  
  193  12:18  Ghost  
  199  12:33  Ghost x2  
  199  12:34  Widow Mine  
  199  12:35  Marine x5  
  199  12:36  Widow Mine  
  200  12:39  Orbital Command  
  200  12:42  Command Center  
  196  12:53  SCV  
  196  12:55  SCV x2  
  196  12:56  SCV  
  196  12:57  Ghost x2  
  190  12:59  Marine, Widow Mine  
  190  13:00  Marine  
  192  13:07  Marine, Widow Mine  
  192  13:08  Marine  
  192  13:09  SCV  
  192  13:10  Liberator x2  
  200  13:17  Ghost x2  
  196  13:25  Ghost  
  197  13:27  SCV  
  198  13:35  Starport Reactor  
  198  13:36  Fusion Core  
  198  13:40  Ghost, Missile Turret x2  
  200  13:52  Neosteel Armor  
  200  13:53  Hi-Sec Auto Tracking  
  200  13:54  Personal Cloaking  
  200  14:00  Ghost  
  200  14:02  Command Center, Missile Turret  
  200  14:13  Ghost  
  196  14:18  Medivac  
  193  14:34  Medivac  
  193  14:36  Widow Mine  
  193  14:37  Ghost  
  192  14:39  Ghost x2  
  192  14:42  Ghost  
  196  14:51  Liberator  
  196  14:52  Liberator  
  192  14:53  Widow Mine  
  192  14:56  Liberator, Widow Mine  
  199  15:03  Marine, Widow Mine  
  199  15:05  Marine, Ghost  
  187  15:08  Ghost x2  
  184  15:14  Widow Mine  
  184  15:17  Widow Mine  
Show
View Real Time Build Order
Export as new Build Order

Serral Zerg 

Build Orders: Hatch First 

Get SALT Encoding   

  12  0:00  Drone  
  13  0:12  Overlord  
  13  0:16  Drone  
  14  0:30  Drone x2  
  16  0:48  Hatchery  
  15  0:51  Drone  
  15  0:54  Drone  
  17  0:58  Drone  
  18  1:08  Extractor  
  17  1:13  Spawning Pool  
  17  1:16  Drone  
  17  1:20  Drone  
  18  1:28  Drone  
  19  1:38  Drone  
  20  1:49  Overlord  
  20  1:59  Queen  
  20  2:00  Queen, Zergling x4  
  26  2:09  Metabolic Boost  
  26  2:10  Drone  
  26  2:11  Drone  
  28  2:22  Drone x2  
  30  2:33  Drone x2  
  30  2:35  Queen  
  33  2:43  Overlord  
  33  2:45  Drone  
  34  2:56  Overlord  
  34  2:57  Drone  
  35  3:05  Hatchery  
  34  3:06  Drone  
  34  3:10  Drone x3  
  34  3:11  Drone x2  
  34  3:12  Drone  
  41  3:16  Drone  
  41  3:18  Queen  
  44  3:24  Queen  
  46  3:31  Overlord  
  46  3:33  Zergling x4  
  48  3:34  Drone  
  49  3:43  Drone x2  
  49  3:44  Overlord  
  51  3:50  Drone, Zergling x2  
  51  3:51  Drone x3  
  56  4:00  Overlord  
  56  4:03  Queen  
  56  4:05  Drone x2  
  60  4:12  Zergling x4  
  60  4:14  Drone x2  
  64  4:17  Queen  
  64  4:19  Overlord  
  64  4:20  Zergling x4  
  64  4:22  Drone  
  70  4:24  Drone  
  70  4:28  Overlord  
  70  4:30  Drone  
  70  4:31  Lair  
  71  4:36  Drone  
  72  4:40  Queen  
  72  4:43  Drone x5  
  79  4:50  Drone x4, Extractor  
  79  4:52  Baneling Nest  
  81  4:53  Queen  
  81  4:57  Spore Crawler  
  81  4:58  Overlord, Spore Crawler  
  81  5:02  Drone x4  
  81  5:06  Spore Crawler  
  84  5:08  Drone x3  
  87  5:14  Hatchery  
  87  5:15  Drone x2  
  87  5:19  Overlord  
  87  5:20  Drone x2  
  90  5:23  Extractor  
  90  5:25  Drone x2, Extractor  
  90  5:29  Overseer x2  
  90  5:31  Evolution Chamber  
  90  5:32  Drone x3, Evolution Chamber  
  90  5:34  Drone x2  
  93  5:37  Centrifugal Hooks  
  93  5:38  Drone  
  93  5:39  Extractor  
  93  5:42  Drone  
  94  5:43  Drone  
  94  5:45  Drone x3  
  94  5:49  Overlord  
  98  5:50  Drone x3  
  98  5:53  Overlord  
  101  5:57  Zerg Melee Weapons Level 1  
  101  6:02  Overlord  
  101  6:03  Drone  
  102  6:05  Drone  
  102  6:07  Drone x2  
  102  6:09  Overlord  
  102  6:10  Overlord, Zerg Ground Armor Level 1  
  105  6:17  Drone, Hatchery  
  105  6:20  Zergling x10  
  105  6:24  Zergling x2  
  111  6:27  Overlord  
  111  6:31  Drone  
  112  6:33  Zergling x4  
  112  6:34  Zergling x6, Infestation Pit  
  112  6:37  Baneling x7  
  116  6:40  Hatchery  
  116  6:46  Drone x2  
  115  6:48  Zergling x16  
  115  6:53  Overlord  
  123  6:55  Zergling x8  
  127  7:04  Zergling x12  
  133  7:11  Baneling x8  
  133  7:12  Hive  
  133  7:14  Zergling x6  
  136  7:16  Overlord  
  126  7:24  Zergling x12  
  126  7:29  Zergling x8  
  136  7:34  Zergling x12  
  142  7:38  Baneling x9  
  142  7:42  Zergling x6  
  135  7:49  Pneumatized Carapace  
  134  7:52  Drone  
  134  7:53  Drone x5  
  134  7:54  Zerg Melee Weapons Level 2  
  134  7:55  Zergling x2  
  134  7:56  Zergling x8  
  142  8:00  Zergling x2  
  141  8:05  Overseer  
  141  8:11  Zergling x2  
  141  8:12  Zergling x18  
  151  8:14  Zerg Ground Armor Level 2  
  151  8:15  Spore Crawler  
  151  8:16  Drone  
  151  8:17  Drone x3  
  151  8:19  Baneling x7  
  154  8:21  Burrow  
  154  8:22  Queen x2  
  154  8:25  Spore Crawler  
  157  8:28  Spore Crawler  
  157  8:30  Adrenal Glands  
  157  8:34  Zergling x22  
  167  8:41  Overlord x3  
  162  8:44  Viper, Extractor  
  162  8:45  Drone x3, Extractor  
  162  8:48  Zergling x4  
  168  8:51  Baneling x4  
  168  8:55  Zergling x18  
  177  9:00  Baneling x5  
  176  9:10  Zergling x2  
  176  9:11  Zergling x24  
  176  9:12  Baneling x7  
  184  9:19  Zergling x8  
  184  9:22  Zergling x14  
  188  9:28  Overseer  
  188  9:30  Overseer  
  188  9:36  Hatchery  
  179  9:40  Zergling x20  
  179  9:43  Zergling x2  
  172  9:48  Viper, Hydralisk Den  
  172  9:52  Zergling x16  
  182  9:54  Drone  
  182  9:59  Zergling x10  
  174  10:07  Zergling x10  
  174  10:11  Zergling x4  
  175  10:15  Overlord  
  175  10:16  Overlord x2  
  175  10:17  Overlord  
  175  10:18  Overseer  
  175  10:19  Baneling x9  
  175  10:21  Zerg Missile Weapons Level 1  
  175  10:22  Muscular Augments  
  175  10:25  Zergling x18  
  182  10:36  Zergling x14  
  189  10:49  Hydralisk x6  
  188  10:51  Zerg Ground Armor Level 3  
  197  11:02  Baneling x7  
  196  11:11  Zergling x28  
  198  11:13  Hatchery  
  198  11:16  Hatchery  
  198  11:17  Zergling x16  
  199  11:31  Baneling x10  
  197  11:45  Baneling x10  
  188  11:47  Zergling x22  
  188  11:53  Hatchery  
  198  12:08  Zergling x12  
  199  12:10  Overseer x2  
  199  12:13  Hatchery  
  187  12:17  Zergling x36  
  187  12:20  Overlord  
  201  12:26  Drone x6  
  193  12:35  Zergling x14  
  185  12:40  Zergling x12  
  185  12:42  Hatchery, Infestor x2  
  185  12:43  Zerg Missile Weapons Level 2  
  193  12:47  Zergling x4  
  193  12:48  Zergling x6  
  195  12:56  Zergling x2  
  195  12:57  Zergling x6  
  187  13:01  Lurker Den  
  187  13:04  Zergling x10  
  185  13:07  Viper x2  
  185  13:09  Zergling x4  
  191  13:15  Zergling x16  
  192  13:22  Baneling x2  
  191  13:29  Zergling x16  
  195  13:41  Drone x4  
  195  13:42  Spore Crawler  
  195  13:47  Zergling x2  
  195  13:48  Zergling x4  
  199  13:55  Infestor, Baneling  
  199  13:56  Baneling x6  
  199  14:02  Seismic Spines  
  199  14:07  Drone  
  199  14:09  Zergling x2  
  199  14:15  Viper x2  
  197  14:25  Infestor  
  192  14:34  Zergling x48  
  198  14:38  Zergling x2  
  198  14:39  Zergling x2  
  198  14:42  Baneling x7  
  198  14:43  Hydralisk x2  
  198  14:44  Zergling x6  
  200  14:52  Zergling x12  
  200  14:53  Hatchery  
  198  15:01  Hydralisk x2  
  198  15:02  Zergling x10  
  198  15:05  Hatchery  
  185  15:07  Zergling x4  
  185  15:10  Hydralisk  
  180  15:15  Hydralisk x4  
Tags
 
Add a new tag
Caveats
  • Supply blocks, unpowered buildings, or Contaminate may cause inaccurate times.
  • Supply counts are checked every 10 seconds.